 Dungeon Crawl Stone Soup version 0.14-a0-2910-g8a9724b (webtiles) character file.

369 Aargh the Shield-Bearer (level 5, -2/47 HPs)
             Began as a Minotaur Fighter on Mar 2, 2014.
             Slain by a centaur
             ... wielding a cursed -1,-1 bow
              (4 damage)
             ... on Level 5 of the Dungeon.
             The game lasted 00:23:53 (2753 turns).

Aargh the Shield-Bearer (Minotaur Fighter)          Turns: 2753, Time: 00:23:53

HP  -2/47        AC  6     Str 20      XL: 5   Next: 78%
MP   2/2         EV  8     Int  6      God:
Gold 131         SH 21     Dex 10      Spells:  0 memorised,  4 levels left

rFire  . . .     SeeInvis .     a - +0,+2 falchion
rCold  . . .     Clarity  .     s - +0 dwarf ring mail
rNeg   . . .     Conserve .     c - +1 shield
rPois  .         rCorr    .     (helmet restricted)
rElec  .         rRot     .     (no cloak)
SustAb . .       Spirit   .     (no gloves)
rMut   .         Warding  .     (no boots)
Saprov . . .     Stasis   .     (no amulet)
MR     .....                    (no ring)
                                m - ring of flight

@: not resistant to hostile enchantments, very unstealthy
A: retaliatory headbutt, horns 2
a: Evoke Flight


You were on level 5 of the Dungeon.
You were not hungry.

You visited 1 branch of the dungeon, and saw 6 of its levels.

You collected 131 gold pieces.

Inventory:

Hand weapons
 a - a +0,+2 falchion (weapon)
 i - a +0,+0 short sword
 n - a +0,+0 mace
 q - a +1,+1 spear
 r - a +0,+0 dagger
 w - a +0,+0 flail
 x - a +0,+0 spear
 z - a +0,+0 short sword
 A - a cursed -2,-3 hand axe
 F - a +0,+0 short sword
 J - a cursed -1,+0 spear
Missiles
 f - 4 darts
 j - 25 stones (quivered)
 o - 7 needles of slowing
 t - 14 arrows
 B - 3 darts of frost
 G - a silver dart
Armour
 c - a +1 shield (worn)
 s - a +0 dwarven ring mail (worn)
Comestibles
 b - 13 sultanas
 d - 2 bread rations
 v - 2 meat rations
 E - a chunk of quokka flesh {@w1}
 I - a chunk of ball python flesh {@w1}
Scrolls
 l - a scroll of teleportation
 u - a scroll of remove curse
 y - 3 scrolls of magic mapping
 D - a scroll of curse jewellery
Jewellery
 m - a ring of flight (left hand)
Potions
 e - a potion of poison {unknown}
 g - a potion of brilliance
 h - 2 potions of might {unknown}
 k - a potion of beneficial mutation {unknown}
 p - 3 potions of curing
 C - a potion of degeneration {unknown}
 H - 2 potions of speed


   Skills:
 * Level 4.4 Fighting
 + Level 3.7 Long Blades
 + Level 4.5 Armour
 + Level 1.9 Dodging
 * Level 1.1 Stealth
 * Level 5.4 Shields


You had 4 spell levels left.
You didn't know any spells.

Dungeon Overview and Level Annotations

Branches:
Dungeon (6/16)
 Temple: D:4-7

Altars:
Elyvilon
Trog
Xom


Innate Abilities, Weirdness & Mutations

You reflexively headbutt those who attack you in melee.
You have a pair of horns on your head.


Message History

You block the centaur's attack.
You barely miss the centaur. The centaur barely misses you.
You block the rat's attack. The centaur hits you with a bow.
* * * LOW HITPOINT WARNING * * *
Your shield and ring mail prevent you from hitting the centaur.
You block the centaur's attack. The rat barely misses you.
The centaur hits you with a bow.
* * * LOW HITPOINT WARNING * * *
You closely miss the centaur. The rat closely misses you.
You block the centaur's attack. The rat bites you but does no damage.
You hit the centaur.
You headbutt the centaur, but do no damage.
The centaur is lightly wounded.
You block the centaur's attack. The centaur hits you with a bow.
* * * LOW HITPOINT WARNING * * *
You block the rat's attack.
Your shield and ring mail prevent you from hitting the centaur.
You headbutt the centaur.
The centaur is moderately wounded.
The centaur hits you with a bow.
* * * LOW HITPOINT WARNING * * *
The centaur barely misses you.
The rat twitches its whiskers.
You block the rat's attack.
You hit the centaur.
The centaur is heavily wounded.
The centaur closely misses you. You furiously retaliate!
You headbutt the centaur. The rat completely misses you.
The centaur barely misses you.
You barely miss the centaur.
The centaur is severely wounded.
You block the centaur's attack. The rat closely misses you.
You furiously retaliate!
You headbutt the rat.
You kill the rat!
The centaur hits you with a bow.
* * * LOW HITPOINT WARNING * * *
You hit the centaur but do no damage.
The centaur is severely wounded.
The centaur hits you with a bow.
You die...

... .....#####
#.........#
##.........###
.............
#.........#
#>........####
..###.....c........
........)%@.......<.
.###...((##.........
...###...(###..........
..........# #..........
...###.#.## #..........
......#.# #...........
.......#.####..>........
........................
.........####.#######..


You could see a centaur.

Vanquished Creatures
  2 crimson imps
  A hound (D:6)
  2 orc wizards (D:3)
  A giant mite (D:3)
  3 adders
  3 orcs (D:3)
  4 giant cockroaches
  5 goblins
  5 hobgoblins
  3 jackals (D:2)
  2 quokkas
  2 ball pythons
  5 bats
  4 giant newts
  A giant spore (D:6)
  7 kobolds
  5 rats
55 creatures vanquished.

Notes
Turn   | Place    | Note
--------------------------------------------------------------
     0 | D:1      | Aargh, the Minotaur Fighter, began the quest for the Orb.
     0 | D:1      | Reached XP level 1. HP: 19/19 MP: 1/1
   441 | D:1      | Reached skill level 4 in Shields
   507 | D:1      | Reached XP level 2. HP: 25/27 MP: 1/1
   884 | D:2      | Found a white marble altar of Elyvilon.
   999 | D:2      | Found a bloodstained altar of Trog.
  1098 | D:2      | Reached skill level 4 in Armour
  1098 | D:2      | Reached XP level 3. HP: 33/33 MP: 2/2
  1463 | D:3      | Reached skill level 4 in Fighting
  1463 | D:3      | Reached skill level 3 in Long Blades
  1465 | D:3      | Reached XP level 4. HP: 23/40 MP: 2/2
  1701 | D:3      | Found a shimmering altar of Xom.
  1722 | D:3      | Reached skill level 1 in Stealth
  2196 | D:3      | Reached skill level 1 in Dodging
  2196 | D:3      | Reached skill level 5 in Shields
  2196 | D:3      | Reached XP level 5. HP: 46/46 MP: 2/2
  2622 | D:5      | Entered Level 5 of the Dungeon
  2739 | D:5      | Noticed a centaur
  2752 | D:5      | HP: 2/47 [centaur/bow (5)]
  2753 | D:5      | Slain by a centaur

Action                   |  1- 3 |  4- 6 || total
-------------------------+-------+-------++-------
Melee: Falchion          |    93 |    78 ||   171
Throw: Stone             |       |     2 ||     2
  Use: Scroll            |     9 |     5 ||    14
       Potion            |       |     1 ||     1

Table legend:
 A = Turns spent in this place as a percentage of turns spent in the entire game.
 B = Non-inter-level travel turns spent in this place as a percentage of non-inter-level travel turns spent in the entire game.
 C = Inter-level travel turns spent in this place as a percentage of turns spent in this place.
 D = Turns resting spent in this place as a percentage of non-inter-level travel turns spent in this place.
 E = Turns spent auto-exploring this place as a percentage of non-inter-level travel turns spent in this place.
 F = Non-inter-level travel turns spent in this place divided by the number of levels of this place that you've seen.
                   A       B       C       D       E      F
               +-------+-------+-------+-------+-------+----------------------
         Total | 100.0 | 100.0 |   0.0 |   0.7 |   3.4 | 230.8
       Dungeon | 100.0 | 100.0 |   0.0 |   0.7 |   3.4 | 230.8
               +-------+-------+-------+-------+-------+----------------------

Table legend:
 A = Kills in this place as a percentage of kills in entire the game.
 B = Kills by you in this place as a percentage of kills by you in the entire game.
 C = Kills by friends in this place as a percentage of kills by friends in the entire game.
 D = Other kills in this place as a percentage of other kills in the entire game.
 E = Experience gained in this place as a percentage of experience gained in the entire game.
 F = Experience gained in this place divided by the number of levels of this place that you have seen.
                   A       B       C       D       E      F
               +-------+-------+-------+-------+-------+----------------------
         Total | 100.0 | 100.0 |  -nan |  -nan | 100.0 |  56.7
       Dungeon | 100.0 | 100.0 |  -nan |  -nan | 100.0 |  56.7
               +-------+-------+-------+-------+-------+----------------------

Vault maps used:
D:1:      minmay_arrival_four_loops, corexii_leaking_fountain
D:2:      general_overflow_altar, overflow_temple_1_default
D:3:      xom_teletrap_fun
D:4:      minmay_temple_entry_overgrown
D:5:      old_standard_altar, evilmike_ruin_ashenzari, first_bread
D:6:      lemuel_coloured_pillars_altar, nicolae_ossuary_entry_giza, tgw_trog

Action                   |  1- 3 |  4- 6 || total
-------------------------+-------+-------++-------
Melee: Falchion          |    93 |    78 ||   171
Throw: Stone             |       |     2 ||     2
  Use: Scroll            |     9 |     5 ||    14
       Potion            |       |     1 ||     1
Dungeon Crawl Stone Soup version 0.14-a0-2910-g8a9724b (webtiles) character file. 369 Aargh the Shield-Bearer (level 5, -2/47 HPs) Began as a Minotaur Fighter on Mar 2, 2014. Slain by a centaur ... wielding a cursed -1,-1 bow (4 damage) ... on Level 5 of the Dungeon. The game lasted 00:23:53 (2753 turns). Aargh the Shield-Bearer (Minotaur Fighter) Turns: 2753, Time: 00:23:53 HP -2/47 AC 6 Str 20 XL: 5 Next: 78% MP 2/2 EV 8 Int 6 God: Gold 131 SH 21 Dex 10 Spells: 0 memorised, 4 levels left rFire . . . SeeInvis . a - +0,+2 falchion rCold . . . Clarity . s - +0 dwarf ring mail rNeg . . . Conserve . c - +1 shield rPois . rCorr . (helmet restricted) rElec . rRot . (no cloak) SustAb . . Spirit . (no gloves) rMut . Warding . (no boots) Saprov . . . Stasis . (no amulet) MR ..... (no ring) m - ring of flight @: not resistant to hostile enchantments, very unstealthy A: retaliatory headbutt, horns 2 a: Evoke Flight You were on level 5 of the Dungeon. You were not hungry. You visited 1 branch of the dungeon, and saw 6 of its levels. You collected 131 gold pieces. Dungeon Overview and Level Annotations Branches: Dungeon (6/16) Temple: D:4-7 Altars: Elyvilon Trog Xom Innate Abilities, Weirdness & Mutations You reflexively headbutt those who attack you in melee. You have a pair of horns on your head. Skills: * Level 4.4 Fighting + Level 3.7 Long Blades + Level 4.5 Armour + Level 1.9 Dodging * Level 1.1 Stealth * Level 5.4 Shields You had 4 spell levels left. You didn't know any spells. Inventory: Hand weapons a - a +0,+2 falchion (weapon) i - a +0,+0 short sword n - a +0,+0 mace q - a +1,+1 spear r - a +0,+0 dagger w - a +0,+0 flail x - a +0,+0 spear z - a +0,+0 short sword A - a cursed -2,-3 hand axe F - a +0,+0 short sword J - a cursed -1,+0 spear Missiles f - 4 darts j - 25 stones (quivered) o - 7 needles of slowing t - 14 arrows B - 3 darts of frost G - a silver dart Armour c - a +1 shield (worn) s - a +0 dwarven ring mail (worn) Comestibles b - 13 sultanas d - 2 bread rations v - 2 meat rations E - a chunk of quokka flesh {@w1} I - a chunk of ball python flesh {@w1} Scrolls l - a scroll of teleportation u - a scroll of remove curse y - 3 scrolls of magic mapping D - a scroll of curse jewellery Jewellery m - a ring of flight (left hand) Potions e - a potion of poison {unknown} g - a potion of brilliance h - 2 potions of might {unknown} k - a potion of beneficial mutation {unknown} p - 3 potions of curing C - a potion of degeneration {unknown} H - 2 potions of speed Message History You block the centaur's attack. You barely miss the centaur. The centaur barely misses you. You block the rat's attack. The centaur hits you with a bow. * * * LOW HITPOINT WARNING * * * Your shield and ring mail prevent you from hitting the centaur. You block the centaur's attack. The rat barely misses you. The centaur hits you with a bow. * * * LOW HITPOINT WARNING * * * You closely miss the centaur. The rat closely misses you. You block the centaur's attack. The rat bites you but does no damage. You hit the centaur. You headbutt the centaur, but do no damage. The centaur is lightly wounded. You block the centaur's attack. The centaur hits you with a bow. * * * LOW HITPOINT WARNING * * * You block the rat's attack. Your shield and ring mail prevent you from hitting the centaur. You headbutt the centaur. The centaur is moderately wounded. The centaur hits you with a bow. * * * LOW HITPOINT WARNING * * * The centaur barely misses you. The rat twitches its whiskers. You block the rat's attack. You hit the centaur. The centaur is heavily wounded. The centaur closely misses you. You furiously retaliate! You headbutt the centaur. The rat completely misses you. The centaur barely misses you. You barely miss the centaur. The centaur is severely wounded. You block the centaur's attack. The rat closely misses you. You furiously retaliate! You headbutt the rat. You kill the rat! The centaur hits you with a bow. * * * LOW HITPOINT WARNING * * * You hit the centaur but do no damage. The centaur is severely wounded. The centaur hits you with a bow. You die... ... .....##### #.........# ##.........### ............. #.........# #>........#### ..###.....c........ ........)%@.......<. .###...((##......... ...###...(###.......... ..........# #.......... ...###.#.## #.......... ......#.# #........... .......#.####..>........ ........................ .........####.#######.. You could see a centaur.

Vanquished Creatures
  2 crimson imps
  A hound (D:6)
  2 orc wizards (D:3)
  A giant mite (D:3)
  3 adders
  3 orcs (D:3)
  4 giant cockroaches
  5 goblins
  5 hobgoblins
  3 jackals (D:2)
  2 quokkas
  2 ball pythons
  5 bats
  4 giant newts
  A giant spore (D:6)
  7 kobolds
  5 rats
55 creatures vanquished. Notes Turn | Place | Note -------------------------------------------------------------- 0 | D:1 | Aargh, the Minotaur Fighter, began the quest for the Orb. 0 | D:1 | Reached XP level 1. HP: 19/19 MP: 1/1 441 | D:1 | Reached skill level 4 in Shields 507 | D:1 | Reached XP level 2. HP: 25/27 MP: 1/1 884 | D:2 | Found a white marble altar of Elyvilon. 999 | D:2 | Found a bloodstained altar of Trog. 1098 | D:2 | Reached skill level 4 in Armour 1098 | D:2 | Reached XP level 3. HP: 33/33 MP: 2/2 1463 | D:3 | Reached skill level 4 in Fighting 1463 | D:3 | Reached skill level 3 in Long Blades 1465 | D:3 | Reached XP level 4. HP: 23/40 MP: 2/2 1701 | D:3 | Found a shimmering altar of Xom. 1722 | D:3 | Reached skill level 1 in Stealth 2196 | D:3 | Reached skill level 1 in Dodging 2196 | D:3 | Reached skill level 5 in Shields 2196 | D:3 | Reached XP level 5. HP: 46/46 MP: 2/2 2622 | D:5 | Entered Level 5 of the Dungeon 2739 | D:5 | Noticed a centaur 2752 | D:5 | HP: 2/47 [centaur/bow (5)] 2753 | D:5 | Slain by a centaur
